Map: Eternal Empire LE

Players

jheffe - Winner!

  • Race: Terran Terran
  • League: Grandmaster
  • Spawn Location: 7:00

A.I. 2 (Very Hard)

  • Race: Terran Terran
  • Spawn Location: 1:00

VOD

Have the link to the VOD?

Description

Time

  • Played on: May 6, 2020, 8:23 p.m.
  • Length: 11:43
Show
View Real Time Build Order
Export as new Build Order

jheffe Terran - Winner!

Build Orders: Gas First Reaper Expand 

Get SALT Encoding   

  12  0:00  SCV  
  13  0:13  SCV  
  14  0:17  Supply Depot  
  14  0:25  SCV  
  15  0:30  Refinery  
  15  0:39  SCV  
  16  0:44  Barracks  
  16  0:51  SCV  
  17  1:03  SCV  
  18  1:15  SCV  
  19  1:31  Orbital Command, Reaper  
  20  1:46  Command Center  
  20  1:57  SCV  
  20  2:01  Factory  
  21  2:07  Barracks Reactor  
  21  2:09  SCV  
  22  2:20  Supply Depot  
  22  2:21  SCV  
  23  2:23  Refinery  
  23  2:42  SCV  
  24  2:47  Starport  
  24  2:50  Hellion  
  24  2:51  Hellion  
  28  2:54  SCV  
  29  3:00  Orbital Command  
  29  3:06  SCV  
  29  3:12  Hellion x2  
  34  3:16  Barracks Tech Lab  
  34  3:20  SCV  
  34  3:24  Starport Tech Lab  
  34  3:25  SCV  
  36  3:33  SCV  
  36  3:34  Supply Depot  
  37  3:40  Refinery  
  37  3:42  SCV  
  37  3:45  SCV  
  37  3:46  Raven  
  41  3:50  Cyclone  
  41  3:54  SCV  
  45  3:57  SCV  
  45  3:59  Marine x2, Supply Depot  
  48  4:06  SCV  
  48  4:09  SCV  
  50  4:17  Marine x2  
  50  4:18  SCV  
  50  4:21  SCV  
  50  4:22  Cyclone  
  57  4:25  Supply Depot  
  57  4:30  SCV  
  58  4:31  Raven  
  58  4:33  SCV  
  58  4:35  Supply Depot  
  61  4:39  Marine  
  62  4:46  Marine, SCV x2  
  65  4:55  Siege Tank  
  65  4:57  Command Center  
  65  4:58  SCV  
  65  4:59  SCV  
  70  5:02  Supply Depot  
  70  5:11  SCV x2  
  72  5:22  Starport Reactor  
  72  5:23  Stimpack, SCV x2  
  72  5:24  Supply Depot  
  72  5:27  Barracks x2  
  74  5:34  Refinery  
  74  5:35  SCV x2  
  76  5:43  Engineering Bay  
  76  5:44  Engineering Bay  
  76  5:46  Siege Tank  
  76  5:47  SCV x2  
  81  5:56  Marine  
  82  5:59  SCV x2  
  84  6:04  Supply Depot  
  84  6:06  Starport Reactor  
  84  6:10  Orbital Command  
  84  6:11  Terran Infantry Weapons Level 1, Terran Infantry Armor Level 1, SCV x2  
  84  6:18  Siege Tank  
  89  6:23  SCV x2  
  89  6:24  Barracks  
  91  6:27  Barracks  
  91  6:28  Marine x3  
  91  6:29  Marine x2  
  91  6:31  Orbital Command  
  96  6:35  SCV x2  
  98  6:44  Supply Depot  
  98  6:46  Marine, Supply Depot  
  98  6:47  Medivac x2, SCV  
  101  6:48  SCV  
  101  6:49  Marine x4  
  109  6:56  Siege Tank, SCV  
  109  6:59  SCV  
  109  7:01  SCV  
  115  7:05  Combat Shield, Marine  
  115  7:07  Marine x2  
  118  7:09  SCV  
  118  7:10  Supply Depot  
  118  7:11  Supply Depot  
  118  7:12  SCV  
  118  7:13  SCV  
  118  7:14  Refinery  
  118  7:15  Refinery, Barracks Reactor x2  
  121  7:19  Armory  
  121  7:21  Marine, SCV  
  123  7:24  SCV  
  123  7:25  SCV  
  125  7:33  SCV  
  125  7:35  Sensor Tower  
  126  7:39  Marine x3  
  126  7:40  Siege Tank, Supply Depot  
  126  7:42  Medivac x2, Supply Depot  
  136  7:46  SCV x3  
  139  7:54  Marine x4  
  139  7:55  Marine  
  139  7:57  Command Center  
  144  8:03  Marine x2  
  144  8:04  Marine  
  147  8:11  Terran Infantry Armor Level 2, Terran Infantry Weapons Level 2  
  147  8:13  Marine x4  
  147  8:15  Viking x2  
  147  8:17  Supply Depot  
  155  8:20  Supply Depot  
  155  8:21  Siege Tank  
  155  8:26  Terran Vehicle Weapons Level 1  
  158  8:35  Factory  
  158  8:40  Barracks Reactor  
  158  8:42  Marine x4  
  158  8:43  Marine x4  
  158  8:47  Supply Depot  
  166  8:49  Supply Depot  
  166  8:53  Barracks x2  
  166  8:54  Siege Tank  
  166  8:55  Barracks, Viking  
  171  9:00  Marine x3  
  174  9:07  Marine  
  174  9:08  Marine x4  
  179  9:17  SCV  
  179  9:18  Marine x2, SCV x2  
  179  9:21  Sensor Tower  
  179  9:23  Marine x2  
  179  9:24  Marine  
  181  9:25  Marine x2  
  181  9:30  Command Center  
  181  9:38  Marine x5  
  166  9:39  Siege Tank, Medivac x2  
  166  9:41  Marine x3  
  166  9:43  Marine x2  
  180  9:50  Planetary Fortress  
  180  9:52  Unknown  
  180  9:55  Marine  
  180  9:56  Marine x2, Barracks Reactor x3  
  180  9:58  Siege Tank  
  184  10:04  Marine x4  
  184  10:05  Marine  
  187  10:11  Siege Tank, Medivac x2  
  188  10:25  Marine x3  
  188  10:26  Marine  
  188  10:27  Marine  
  188  10:28  Marine x4  
  193  10:30  Siege Tank  
  198  10:36  Command Center  
  197  11:02  Siege Tank  
  200  11:09  Command Center x2  
  200  11:11  Command Center  
  198  11:12  Command Center  
Show
View Real Time Build Order
Export as new Build Order

A.I. 2 (Very Hard) Terran 

Build Orders: 2 Factory, Mech 

Get SALT Encoding   

  12  0:00  SCV  
  13  0:13  SCV  
  14  0:18  Supply Depot  
  14  0:25  SCV  
  15  0:40  SCV  
  15  0:42  Barracks  
  16  0:52  SCV  
  17  1:04  SCV  
  18  1:16  SCV  
  19  1:19  Command Center  
  19  1:29  Marine  
  20  1:33  Orbital Command  
  20  1:40  Refinery  
  20  1:47  Marine  
  20  1:51  Supply Depot  
  21  1:59  SCV  
  22  2:03  Refinery  
  22  2:05  Marine  
  23  2:11  SCV  
  23  2:23  Marine, SCV  
  25  2:31  SCV  
  25  2:36  SCV  
  27  2:41  Marine  
  24  2:44  Orbital Command  
  28  2:47  Factory  
  28  2:48  SCV  
  29  2:58  Factory  
  29  3:00  Marine  
  29  3:01  SCV  
  31  3:11  SCV  
  32  3:14  SCV  
  32  3:18  Marine  
  34  3:21  Supply Depot  
  34  3:23  SCV  
  34  3:26  SCV  
  36  3:31  Factory Tech Lab  
  36  3:35  SCV  
  36  3:38  SCV  
  38  3:42  Factory Tech Lab  
  38  3:47  SCV  
  39  3:50  SCV  
  39  3:52  Siege Tank, Supply Depot  
  43  3:59  SCV  
  43  4:00  Siege Tank  
  43  4:02  SCV  
  48  4:10  Marine  
  48  4:11  Supply Depot, SCV  
  48  4:14  SCV  
  51  4:21  Supply Depot  
  51  4:23  SCV  
  52  4:24  Siege Tank  
  52  4:26  SCV  
  56  4:34  Supply Depot  
  56  4:35  SCV  
  56  4:37  Marine  
  58  4:38  SCV  
  58  4:39  Siege Tank  
  62  4:47  SCV  
  62  4:50  SCV  
  64  4:53  Supply Depot  
  64  4:55  Marine  
  64  4:59  SCV  
  66  5:00  Armory  
  66  5:02  Hellion, SCV  
  66  5:03  Refinery  
  69  5:07  Barracks  
  69  5:09  Refinery  
  69  5:12  Hellion, SCV  
  69  5:13  Barracks Tech Lab  
  72  5:15  SCV  
  73  5:23  Hellion, Factory  
  73  5:25  SCV  
  73  5:27  SCV  
  77  5:33  Hellion  
  79  5:37  SCV  
  79  5:39  SCV  
  79  5:40  Supply Depot  
  81  5:44  Siege Tank  
  81  5:49  SCV  
  85  5:51  SCV  
  85  5:55  Hellion  
  88  5:59  Infernal Pre-Igniter  
  88  6:00  Engineering Bay  
  88  6:06  Supply Depot  
  88  6:07  Hellion  
  90  6:16  Siege Tank  
  90  6:18  Thor  
  99  6:28  Supply Depot, Missile Turret  
  99  6:30  Missile Turret  
  99  6:37  Command Center  
  99  6:46  Terran Vehicle Weapons Level 1  
  99  6:47  Thor  
  99  6:51  Missile Turret  
  105  6:54  Supply Depot  
  105  7:07  Barracks  
  105  7:09  Factory Tech Lab, Armory  
  105  7:11  Missile Turret  
  105  7:19  Siege Tank  
  108  7:31  Siege Tank, Missile Turret  
  111  7:48  Thor  
  111  7:49  Marine, SCV x2  
  111  7:50  SCV  
  121  7:52  Hellion  
  121  7:57  Terran Vehicle And Ship Armor Level 1  
  123  8:00  Refinery  
  123  8:01  SCV  
  123  8:03  Missile Turret, SCV x2  
  126  8:06  Missile Turret, Command Center  
  126  8:08  Thor, Barracks  
  126  8:10  Refinery  
  126  8:12  Supply Depot  
  132  8:13  Widow Mine, SCV  
  132  8:15  SCV  
  132  8:16  SCV  
  137  8:25  SCV  
  137  8:26  Starport  
  138  8:27  SCV  
  138  8:32  Widow Mine  
  142  8:34  SCV  
  142  8:36  Supply Depot  
  142  8:38  SCV  
  142  8:39  SCV  
  144  8:43  Terran Vehicle Weapons Level 2  
  144  8:46  SCV  
  145  8:50  SCV  
  145  8:51  SCV  
  147  8:58  Hellion  
  147  8:59  Supply Depot  
  147  9:00  Barracks Reactor  
  147  9:02  Barracks Tech Lab  
  149  9:04  Orbital Command  
  149  9:05  Starport Tech Lab  
  149  9:11  Hi-Sec Auto Tracking  
  149  9:12  Missile Turret  
  149  9:16  Hellion, SCV  
  151  9:18  Hellion, Starport  
  151  9:23  Raven  
  155  9:30  Marine x2  
  143  9:31  Marine  
  143  9:32  Hellion  
  143  9:33  Command Center  
  143  9:36  Marine x2  
  143  9:37  Siege Tank  
  106  9:38  Refinery  
  106  9:40  Supply Depot  
  106  9:42  SCV  
  106  9:43  Siege Tank  
  100  9:48  Marine x2  
  100  9:49  Marine  
  103  9:53  Siege Tank  
  103  9:54  Marine x2  
  100  10:00  SCV  
  100  10:01  SCV  
  100  10:03  SCV  
  100  10:06  Marine  
  88  10:09  Siege Tank, Marine  
  88  10:12  Marine, SCV  
  80  10:15  SCV  
  80  10:16  Hellion, SCV  
  80  10:19  Marine x2  
  54  10:24  Marine  
  54  10:26  Hellion  
  43  10:35  Marine x2  
  36  10:41  Marine  
  28  10:44  Marine x2  
  28  10:45  SCV x2  
  28  10:46  Hellion  
  28  10:53  Marine  
  8  11:27  SCV  
Tags
 
Add a new tag
Caveats
  • Supply blocks, unpowered buildings, or Contaminate may cause inaccurate times.
  • Supply counts are checked every 10 seconds.